 Dungeon Crawl Stone Soup version 0.26-b1-32-g5d43845318 (webtiles) character file.

Game seed: 14561733320621442423

536918 Morbidden the Warrior (level 24, -6/321 HPs)
             Began as a Red Draconian Transmuter on Jan 5, 2021.
             Was the Champion of Cheibriados.
             Mangled by a skeletal warrior
             ... wielding a +0 battleaxe
              (14 damage)
             ... on level 3 of the Crypt.
             The game lasted 02:47:51 (73966 turns).

Morbidden the Warrior (Red Draconian Transmuter)   Turns: 73966, Time: 02:47:51

Health: -6/321     AC: 22    Str: 41    XL:     24   Next: 61%
Magic:  0/42       EV: 19    Int: 41    God:    Cheibriados [******]
Gold:   3201       SH:  8    Dex: 29    Spells: 11/54 levels left

rFire    + + .     SeeInvis .     - Unarmed
rCold    x . .     Faith    .   (shield currently unavailable)
rNeg     . . .     Spirit   +   (armour unavailable)
rPois    +         Reflect  .   (helmet currently unavailable)
rElec    .         Harm     .   (cloak currently unavailable)
rCorr    .         Rampage  .   (gloves currently unavailable)
Will     +....                  (boots currently unavailable)
Stlth    ++++......             C - brooch of Shielding {Spirit SH+8}
HPRegen  0.63/turn              u - ring of the Sneaky Visions {Will+ Int+6}
MPRegen  0.28/turn              S - +4 ring of slaying

@: lethally poisoned (-6 -> -19), dragon-form, weak-willed, marked, flying,
slowed, very slow
A: giant, breathe fire, unfitting armour, subdued magic 1, AC +12
}: 3/15 runes: barnacled, abyssal, gossamer
a: Breathe Fire, Stop Flying, End Transformation, Renounce Religion, Bend Time,
Temporal Distortion, Slouch, Step From Time


You were on level 3 of the Crypt.
You worshipped Cheibriados.
Cheibriados was exalted by your worship.
You were a fearsome dragon!
You visited 10 branches of the dungeon, and saw 48 of its levels.
You visited the Abyss 2 times.
You also visited: Sewer, Ice Cave, Wizlab and Desolation.

You collected 6551 gold pieces.
You spent 3350 gold pieces at shops.

Inventory:

Hand Weapons
 b - a +6 arbalest of flaming
 H - a +0 fustibalus
Missiles
 c - 1197 bolts
 d - 67 silver javelins
 g - 17 curare-tipped darts
 j - 17 javelins (quivered)
 x - 106 boomerangs
 I - 7 throwing nets
Armour
 a - a +2 pair of gloves of strength (melded)
 p - a +2 cloak (melded)
 y - the cursed +0 hat of Jodghevud (melded) {Regen+ rCorr Dex-3}
   (You found it on level 2 of the Lair of Beasts)

   It affects your dexterity (-3).
   It increases your rate of regeneration.
   It provides partial protection from all sources of acid and corrosion.
   It has a curse placed upon it.
 G - a +2 kite shield of protection (melded)
 U - a +2 pair of boots of flying (melded)
Jewellery
 f - an uncursed ring of see invisible
 r - an uncursed ring of protection from cold
 t - an uncursed amulet of regeneration
 u - the ring of the Sneaky Visions (left foreclaw) {Will+ Int+6}
   (You found it in the Desolation of Salt)

   [ring of intelligence]

   It affects your intelligence (+6).
   It affects your willpower, your defense against some magical effects.
 C - the brooch of Shielding (around neck) {Spirit SH+8}
   (You took it off an imperial myrmidon in the Desolation of Salt)

   [amulet of guardian spirit]

   It causes incoming damage to be split between your health and magic.
   It affects your SH (+8).
 K - the ring "Raducum" {rElec rN+ Stlth+}
   (You acquired it on level 3 of the Shoals)

   [ring of positive energy]

   It insulates you from electricity.
   It protects you from negative energy.
   It makes you more stealthy.
 S - a +4 ring of slaying (right foreclaw)
Wands
 l - a wand of paralysis (35)
 w - a wand of flame (154)
 E - a wand of enslavement (10)
 P - a wand of disintegration (42)
 T - a wand of iceblast (40)
 V - a wand of acid (22)
 Y - a wand of digging (24)
Scrolls
 e - 9 scrolls of teleportation
 h - 14 scrolls of remove curse
 q - 2 scrolls of enchant weapon
 s - 7 scrolls of enchant armour
 A - 8 scrolls of amnesia
 B - 18 scrolls of identify
 D - a scroll of blinking
 F - 5 scrolls of magic mapping
 N - 9 scrolls of fear
 Q - 4 scrolls of holy word
 Z - 8 scrolls of summoning
Potions
 i - 22 potions of curing
 k - 9 potions of might
 m - a potion of magic
 n - 6 potions of heal wounds
 o - 3 potions of brilliance
 v - 4 potions of invisibility
 z - 6 potions of cancellation
 J - 3 potions of mutation
 L - 7 potions of ambrosia
 M - a potion of resistance
Miscellaneous
 O - a condenser vane (inert)
 R - a tin of tremorstones (2/2)
 W - a phantom mirror
 X - a box of beasts


   Skills:
 * Level 17.2 Fighting
 + Level 10.3(10.6) Slings
 + Level 4.2 Crossbows
 + Level 3.2(7.4) Throwing
 * Level 14.8 Dodging
 + Level 6.1 Stealth
 + Level 5.3 Shields
 + Level 17.1 Unarmed Combat
 * Level 15.8 Spellcasting
 + Level 0.6 Hexes
 * Level 15.1 Summonings
 + Level 15.6 Transmutations
 * Level 8.1 Fire Magic
 * Level 1.8 Earth Magic
 - Level 3.4 Poison Magic
 - Level 13.0 Invocations
 * Level 9.5 Evocations


You had 11 spell levels left.
You knew the following spells:

 Your Spells              Type           Power        Failure   Level
a - Dragon Form           Tmut           44%          1%          7
b - Summon Mana Viper     Hex/Summ       66%          1%          5
c - Shatter               Erth           18%          100%        9
d - Beastly Appendage     Tmut           100%         0%          1
e - Ignition              Fire           33%          89%         8
f - Spider Form           Tmut/Pois      35%          1%          3
g - Call Canine Familiar  Summ           88%          0%          3
x - Summon Hydra          Summ           44%          1%          7

Your spell library contained the following spells:

 Spells                   Type           Power        Failure   Level
 Sting                    Tmut/Pois      100%         0%          1
 Summon Small Mammal      Summ           100%         0%          1
 Call Imp                 Summ           88%          0%          2
 Wereblood                Tmut           89%          0%          2
 Animate Skeleton         Necr           48%          1%          1
 Corona                   Hex            32%          1%          1
 Foxfire                  Conj/Fire      100%         1%          1
 Freeze                   Ice            96%          1%          1
 Magic Dart               Conj           96%          1%          1
 Pain                     Necr           96%          1%          1
 Shock                    Conj/Air       96%          1%          1
 Blink                    Tloc           N/A          1%          2
 Corpse Rot               Necr/Air       N/A          1%          2
 Ensorcelled Hibernation  Hex/Ice        54%          1%          2
 Poisonous Vapours        Pois/Air       70%          1%          2
 Searing Ray              Conj           48%          1%          2
 Slow                     Hex            29%          1%          2
 Sublimation of Blood     Necr           12%          1%          2
 Swiftness                Air            24%          1%          2
 Confusing Touch          Hex            29%          1%          3
 Conjure Flame            Conj/Fire      50%          1%          3
 Dazzling Flash           Conj/Hex       54%          1%          3
 Frozen Ramparts          Ice            48%          1%          3
 Gell's Gravitas          Tloc           12%          1%          3
 Ignite Poison            Fire/Tmut/Pois 70%          1%          3
 Lesser Beckoning         Tloc           12%          1%          3
 Mephitic Cloud           Conj/Pois/Air  32%          1%          3
 Ozocubu's Armour         Ice            24%          1%          3
 Static Discharge         Conj/Air       24%          1%          3
 Stone Arrow              Conj/Erth      60%          1%          3
 Summon Guardian Golem    Hex/Summ       66%          1%          3
 Teleport Other           Tloc           24%          1%          3
 Tukima's Dance           Hex            29%          1%          3
 Ice Form                 Ice/Tmut       65%          1%          4
 Olgreb's Toxic Radiance  Pois           46%          1%          4
 Petrify                  Tmut/Erth      68%          1%          4
 Sticky Flame             Conj/Fire      50%          1%          4
 Summon Ice Beast         Ice/Summ       64%          1%          4
 Summon Lightning Spire   Summ/Air       64%          1%          4
 Blade Hands              Tmut           44%          1%          5
 Summon Demon             Summ           44%          1%          5
 Summon Forest            Summ/Tloc      32%          1%          5
 Yara's Violent Unravell  Hex/Tmut       33%          1%          5
 Eringya's Noxious Bog    Tmut/Pois      35%          1%          6
 Hydra Form               Tmut           44%          1%          6
 Shadow Creatures         Summ           N/A          1%          6
 Statue Form              Tmut/Erth      45%          2%          6
 Leda's Liquefaction      Hex/Erth       16%          4%          4
 Bolt of Magma            Conj/Fire/Erth 22%          4%          5
 Cause Fear               Hex            14%          5%          4
 Fulminant Prism          Conj/Hex       13%          6%          4
 Airstrike                Air            12%          7%          4
 Hailstorm                Conj/Ice       24%          7%          4
 Iskenderun's Mystic Bla  Conj/Tloc      24%          7%          4
 Passage of Golubria      Tloc           N/A          7%          4
 Borgnjor's Vile Clutch   Necr/Erth      15%          14%         5
 Metabolic Englaciation   Hex/Ice        13%          19%         5
 Silence                  Hex/Air        13%          19%         5
 Agony                    Necr           24%          22%         5
 Iskenderun's Battlesphe  Conj           24%          22%         5
 Lightning Bolt           Conj/Air       12%          22%         5
 Starburst                Conj/Fire      25%          22%         6
 Iron Shot                Conj/Erth      15%          63%         6
 Invisibility             Hex            29%          67%         6
 Conjure Ball Lightning   Conj/Air       12%          77%         6
 Freezing Cloud           Conj/Ice/Air   12%          77%         6
 Simulacrum               Ice/Necr       12%          77%         6
 Dragon's Call            Summ           44%          86%         9
 Orb of Destruction       Conj           12%          100%        7
 Discord                  Hex            14%          100%        8
 Tornado                  Air            12%          100%        9


Dungeon Overview and Level Annotations

Branches:
Dungeon (15/15)            Temple (1/1) D:5            Lair (6/6) D:11
 Shoals (4/4) Lair:4       Spider (4/4) Lair:3        Slime (0/5) Lair:5
    Orc (2/2) D:12            Elf (3/3) Orc:2        Vaults (5/5) D:13
  Crypt (3/3) Vaults:3     Depths (5/5) D:15            Zot (0/5) Depths:5
  Sewer (visited)           IceCv (visited)          WizLab (visited)
Desolation (visited)
   Tomb: Crypt:3

Altars:
Ashenzari
Cheibriados
Dithmenos
Elyvilon
Fedhas
Gozag
Hepliaklqana
Kikubaaqudgha
Makhleb
Nemelex Xobeh
Okawaru
Qazlal
Ru
Sif Muna
Trog
Uskayaw
Vehumet
Wu Jian
Xom
Yredelemnul
Zin
The Shining One
Jiyva
Lugonu

Shops:
D:5 }   D:13 [   D:14 }!(:   D:15 *!   Orc:2 :*[(   Elf:1 (*=*   Elf:2 =
Elf:3 (*!   Vaults:2 *   Vaults:3 [}   Vaults:4 *   Depths:3 *   Depths:4 }
Depths:5 [(

Portals:
Hell: Depths:1 Depths:2 Depths:3 Depths:4 Depths:5
Abyss: Lair:1 Depths:1 Depths:4
Pandemonium: Depths:3
Ziggurat: Depths:3

Annotations:
D:10 2 runed translucent doors, Vatovie's ghost, journeyman GrFi
Lair:5 1 runed translucent door
Lair:6 3 runed translucent doors, Nutum's ghost, journeyman OpTm; Sigibet's ghost, journeyman GrEE
Shoals:4 1 runed translucent door, Heh's ghost, adept DsGl
Elf:2 3 runed translucent doors
Vaults:3 2 transporters, exclusion: obsidian statue


Innate Abilities, Weirdness & Mutations

You can breathe blasts of fire.
Your fiery red scales are hard. (AC +12)
You cannot fit into any form of body armour.
((Your flesh is heat resistant. (rF+)))
((You are cold-blooded and may be slowed by cold attacks.))
((You have sharp toenails.))
Your spells are a little easier to cast, but a little less powerful.


Message History

You feel very sick.
You hear some strange, mumbled words.
Deactivating autopickup; reactivate with Ctrl-A.
You shrug off the repeated paralysis!
Something hits you but does no damage. You block something's attack.
The vampire knight is engulfed in blazing flames.
The skeletal warrior is engulfed in blazing flames.
You destroy the skeletal warrior!
Cheibriados thoroughly appreciates the change of pace.
The phantasmal warrior is engulfed in blazing flames.
You hear some strange, mumbled words.
You shrug off the repeated paralysis!
You hear some strange, mumbled words.
The skeletal warrior is lost in a daze.
The vampire knight is lost in a daze.
Something hits you!!
* * * LOW HITPOINT WARNING * * *
Something closely misses you.
The skeletal warrior is engulfed in blazing flames.
The skeletal warrior hits you with a +0 battleaxe!
You die...

#.......# #.......#
##### # #.......# #.#.
.# #
#.......#######'#'#'#'#
#.......#...#.... .....
##.......#...#...§§§.§.
.........#.#.#§§§#z#§#§#
.........#.#.##{§§§§§§§§
.#####...#.#.###D§V§§§§§
.# #.....#..§z{W§§§§§§
.# #...#.#..§§§§§§§...
.# #.!...#...§§§§§....
.# #...#.#.###§§......
(### #...#.#.# §§§......
.... ....#.#.# ..#.#.#.#
#####....#...# .........
#....#... .......


You could see a vampire knight (dazed), 2 skeletal warriors and a phantasmal
warrior (dazed).

Vanquished Creatures
  Mara (Shoals:3)
  Boris (twice) (Vaults:4 Depths:1)
  Saint Roka (Elf:3)
  The ghost of howech the Severer, a veteran MiGl of the Shining One (Vaults:4)
  4 caustic shrikes (Depths:5)
  Jory (Vaults:4)
  2 golden dragons (Depths:5)
  Jorgrun (D:12)
  3 liches
  Asterion (Depths:1)
  3 deep elf master archers (Elf:3)
  6 ancient champions
  3 tentacled starspawn (Abyss:3)
  2 deep elf blademasters (Elf:3)
  2 sphinxes (Vaults:4)
  2 krakens
  Polyphemus (Shoals:2)
  A storm dragon (Depths:5)
  Donald (Orc:2)
  Kirke (D:13)
  A shadow dragon (Depths:5)
  2 tengu reavers
  2 fire giants
  Roxanne (Shoals:2)
  8 frost giants
  A draconian knight (Depths:5)
  A revenant (Crypt:2)
  6 vault wardens
  A draconian scorcher (Depths:5)
  7 deep elf sorcerers
  2 ghost moths (Spider:4)
  5 imperial myrmidons (Desolation)
  Louise (Depths:4)
  A balrug (Depths:5)
  Aizul (Shoals:1)
  3 deep elf elementalists (Elf:3)
  7 emperor scorpions
  A curse skull (Crypt:3)
  3 angels
  10 ironheart preservers
  10 ghouls
  2 spriggan defenders (Depths:4)
  A reaper (Crypt:3)
  24 very ugly things
  10 stone giants
  A caustic shrike skeleton (Crypt:3)
  10 vampire knights
  15 starcursed masses (Abyss:3)
  2 black draconians (Depths:5)
  7 entropy weavers
  2 deep elf demonologists (Elf:3)
  2 dire elephants (Depths:3)
  7 deep elf annihilators (Elf:3)
  Nessos (D:13)
  A halazid warlock (Desolation)
  9 spark wasps
  3 merfolk javelineers
  2 red draconians (Depths:5)
  2 yellow draconians (Depths:5)
  13 deep elf death magi
  9 ettins
  2 eidola
  9 merfolk impalers
  7 jiangshi
  A crystal guardian (Desolation)
  6 ragged hierophants (Desolation)
  A quicksilver dragon skeleton (Crypt:3)
  9 fire dragons
  12 yaktaur captains
  4 deep elf high priests (Elf:3)
  7 great orbs of eyes
  3 servants of whispers (Desolation)
  6 rakshasas
  Fannar (D:12)
  An ice dragon (shapeshifter) (Vaults:2)
  9 hydras
  4 spriggan air magi
  10 peacekeepers (Desolation)
  8 boulder beetles
  8 ice dragons
  A juggernaut simulacrum (Depths:4)
  A merfolk aquamancer (Shoals:4)
  2 catoblepae
  6 centaur warriors
  7 merfolk avatars
  19 two-headed ogres
  A satyr (Shoals:3)
  A two-headed ogre (shapeshifter) (D:15)
  9 dancing weapons
  2 death yaks (Shoals:2)
  6 death knights
  The ghost of Cato the Destroyer, a journeyman DECj of Sif Muna (Lair:2)
  3 deep troll shamans
  7 tengu warriors
  A queen ant (Spider:3)
  3 deep troll earth magi
  8 ogre magi
  10 vampire magi
  Urug (D:13)
  3 spriggans (Depths:4)
  2 orc high priests (Orc:2)
  6 deep elf knights
  3 spriggan berserkers
  2 sun demons (Depths:5)
  2 wretched stars (Abyss:3)
  A fire crab (Lair:6)
  41 skeletal warriors
  7 unseen horrors
  16 sea snakes
  An unseen horror (shapeshifter) (D:14)
  A golden dragon zombie (Depths:4)
  A spatial maelstrom (Abyss:3)
  A shadow wraith (Crypt:3)
  A wizard (Vaults:3)
  5 glowing orange brains
  10 deep elf archers
  A shadow demon (Abyss:3)
  7 flayed ghosts
  3 bog bodies
  10 deep trolls
  A golden dragon skeleton (Crypt:2)
  11 ironbrand convokers
  16 orc knights
  A sphinx zombie (Crypt:3)
  A swamp dragon (shapeshifter) (Depths:4)
  A harpy (shapeshifter) (Depths:4)
  20 harpies
  13 phantasmal warriors
  A sphinx skeleton (Depths:4)
  14 orb spiders
  24 wolf spiders
  12 necromancers
  24 fauns
  A wolf spider zombie (D:14)
  6 orc sorcerers
  A tengu skeleton (Depths:2)
  A faun (shapeshifter) (Vaults:4)
  43 deep elf magi
  A moth of wrath (Spider:2)
  12 manticores
  32 ugly things
  Joseph (D:9)
  A salamander (D:15)
  7 cyclopes
  An iron dragon skeleton (Depths:4)
  15 elephants
  8 black mambas
  A centaur zombie (D:15)
  3 stone giant zombies (Depths:2)
  12 merfolk sirens
  Maurice (D:12)
  2 ice statues (IceCv)
  An apocalypse crab (Abyss:3)
  A dire elephant zombie (Crypt:2)
  3 water nymphs
  A guardian serpent (Desolation)
  A smoke demon (Abyss:3)
  7 vault sentinels
  2 gargoyles
  4 torpor snails
  4 molten gargoyles
  4 rime drakes
  9 cane toads
  A yaktaur (shapeshifter) (Vaults:3)
  36 yaktaurs
  A hellion (Depths:4)
  2 spriggan zombies (Depths:2)
  7 ice devils (IceCv)
  7 demonic crawlers
  15 komodo dragons
  An ancient zyme (Abyss:2)
  3 red devils (Depths:4)
  An elf skeleton (Depths:4)
  A purple draconian skeleton (Crypt:1)
  8 freezing wraiths
  3 tengu conjurers
  3 hellwings (Depths:4)
  A queen ant zombie (Crypt:1)
  A harpy zombie (Crypt:1)
  3 polar bears
  A wind drake (shapeshifter) (Depths:2)
  9 wind drakes
  A jumping spider (shapeshifter) (Vaults:2)
  2 spriggan skeletons (Depths:2)
  24 merfolk
  Grinder (D:4)
  29 jumping spiders
  9 hornets
  A merfolk (shapeshifter) (Depths:4)
  18 trolls
  26 slime creatures
  49 saltlings (Desolation)
  28 blink frogs
  16 dream sheep
  10 snapping turtles
  6 large abominations
  A fire dragon zombie (Crypt:1)
  3 flying skulls (Crypt:2)
  20 tarantellas
  4 vampires (WizLab)
  2 air elementals
  2 hogs (D:13)
  An ettin skeleton (Depths:2)
  A wyvern (shapeshifter) (Depths:2)
  35 yaks
  A ynoxinul (Abyss:3)
  15 humans
  Sigmund (D:4)
  A tyrant leech zombie (Crypt:3)
  16 water elementals
  2 chaos spawn (Abyss:3)
  3 fire elementals
  79 redbacks
  3 small abominations
  13 wraiths
  2 shadows
  9 basilisks
  9 wyverns
  A neqoxec (Abyss:2)
  7 vampire mosquitoes (D:14)
  8 wargs
  A soldier ant (shapeshifter) (Depths:5)
  3 steam dragons
  A cane toad zombie (Crypt:3)
  26 soldier ants
  A spatial vortex (Abyss:3)
  A yaktaur simulacrum (Vaults:1)
  A faun zombie (Crypt:1)
  3 two-headed ogre zombies (WizLab)
  17 water moccasins
  9 hell hounds
  4 acid dragons
  A water moccasin (shapeshifter) (Depths:5)
  2 floating eyes (Abyss:3)
  3 sky beasts
  A hornet zombie (D:14)
  An orc zombie (Vaults:1)
  36 orc warriors
  4 black bears
  7 necrophages
  2 ice beasts
  3 phantoms
  A snapping turtle zombie (Crypt:1)
  A torpor snail zombie (Crypt:2)
  3 centaurs
  40 ogres
  22 wolves
  8 boggarts
  A lindwurm skeleton (Crypt:2)
  A big kobold (Sewer)
  6 elf zombies
  A hog skeleton (Crypt:3)
  16 bullfrogs
  Blork the orc (D:6)
  A yaktaur skeleton (Vaults:1)
  5 earth elementals
  A gnoll sergeant (D:7)
  A cyclops zombie (Crypt:2)
  A wyvern zombie (D:12)
  A wyvern skeleton (Crypt:1)
  5 troll zombies (WizLab)
  4 scorpions
  6 killer bees
  20 wights
  A troll skeleton (D:8)
  3 howler monkeys
  9 electric eels
  2 crimson imps (Depths:4)
  5 lava snakes (Lair:6)
  A draconian simulacrum (IceCv)
  2 quasits
  2 demonspawn zombies
  3 hounds
  6 human zombies
  A bullfrog skeleton (D:10)
  3 jellies
  31 orc priests
  38 orc wizards
  8 centaur skeletons
  A black bear skeleton (Crypt:2)
  26 iguanas
  7 hell rats (Lair:4)
  3 human skeletons
  5 troll simulacra (IceCv)
  21 worker ants
  A spriggan simulacrum (IceCv)
  3 ogre zombies (WizLab)
  A naga zombie (Crypt:1)
  A big kobold zombie (Crypt:1)
  3 centaur simulacra (IceCv)
  A felid skeleton (Crypt:3)
  3 hound skeletons
  A mummy (D:8)
  A howler monkey skeleton (Crypt:1)
  23 adders
  6 gnolls
  6 river rats
  A shadow imp (D:6)
  13 white imps
  An ufetubus (D:5)
  An ooze (D:3)
  4 worms
  2 dart slugs (D:3)
  16 leopard geckos
  102 orcs
  8 bats
  4 giant cockroaches
  5 goblins
  13 hobgoblins
  11 jackals
  3 ball pythons
  A ball python zombie (D:5)
  12 frilled lizards
  A gnoll zombie (Crypt:2)
  A hobgoblin zombie (Crypt:1)
  A jackal skeleton (D:4)
  7 kobolds
  An orc skeleton (D:8)
  13 rats
  A river rat skeleton (Crypt:1)
  A butterfly (Lair:4)
  2 crawling corpses (Elf:3)
  3 lurking horrors
  2 starspawn tentacles (Abyss:3)
  3 tentacles (Shoals:1)
2179 creatures vanquished.

Vanquished Creatures (collateral kills)
  An ancient lich (WizLab)
  2 merfolk javelineers (Shoals:4)
  A merfolk impaler (Shoals:4)
  A hydra (Lair:6)
  A dancing weapon (Elf:2)
  A centaur skeleton (D:8)
  A merfolk (Shoals:4)
  2 orc warriors (Orc:2)
  A wolf (Lair:6)
  3 bullfrogs
  A nameless horror (Shoals:4)
  2 troll zombies (WizLab)
  2 hounds
  An orc wizard (D:9)
  An ogre zombie (WizLab)
  2 gnolls (D:7)
  A white imp (Lair:6)
  An ufetubus (D:9)
  An orc (D:9)
  A jackal (D:9)
27 creatures vanquished.

Vanquished Creatures (others)
  A deep elf demonologist (Elf:3)
  A death yak (Shoals:2)
  A deep elf mage (Elf:3)
  A moth of wrath (Spider:4)
  A human (D:13)
  A water moccasin (Lair:2)
  2 killer bees
  A gnoll (D:7)
  31 fungi
  A lurking horror (Abyss:2)
  88 plants
  8 starspawn tentacles (Abyss:3)
  17 tentacles
  4 withered plants (Lair:6)
158 creatures vanquished.

Grand Total: 2364 creatures vanquished

Notes
Turn   | Place    | Note
-------+----------+-------------------------------------------
     0 | D:1      | Morbidden the Draconian Transmuter began the quest for the
                  | Orb.
     0 | D:1      | Reached XP level 1. HP: 16/16 MP: 3/3
   326 | D:1      | Reached XP level 2. HP: 20/23 MP: 3/5
   727 | D:1      | Reached XP level 3. HP: 17/29 MP: 6/6
  1316 | D:2      | Found a glowing golden altar of the Shining One.
  1712 | D:2      | Reached XP level 4. HP: 36/36 MP: 7/7
  2102 | D:3      | Reached skill level 1 in Slings
  2330 | D:3      | Reached XP level 5. HP: 41/41 MP: 6/8
  2615 | D:3      | Noticed a troll
  3079 | D:3      | Killed a troll
  3080 | D:3      | Reached XP level 6. HP: 51/51 MP: 8/10
  3551 | D:4      | Your scales start taking on a fiery red colour.
  3551 | D:4      | Reached XP level 7. HP: 45/57 MP: 11/11
  3551 | D:4      | Gained mutation: Your flesh is heat resistant. (rF+) [Red
                  | Draconian growth]
  3555 | D:4      | Learned a level 3 spell: Spider Form
  3604 | D:4      | Noticed Sigmund
  3610 | D:4      | Killed Sigmund
  3889 | D:4      | Reached skill level 1 in Poison Magic
  3981 | D:4      | Noticed Grinder
  3992 | D:4      | Killed Grinder
  4083 | D:4      | Reached XP level 8. HP: 67/67 MP: 12/12
  4321 | D:5      | Entered Level 5 of the Dungeon
  4514 | D:5      | Found a glowing drain.
  4521 | Sewer    | Entered a sewer
  4601 | Sewer    | Reached skill level 5 in Slings
  4646 | Sewer    | Found a glowing silver altar of Zin.
  4867 | D:5      | Reached skill level 5 in Unarmed Combat
  4996 | D:5      | Found Davynwia's Gadget Emporium.
  5164 | D:5      | Found a staircase to the Ecumenical Temple.
  5307 | Temple   | Entered the Ecumenical Temple
  5527 | D:6      | Found a snail-covered altar of Cheibriados.
  5534 | D:6      | Reached skill level 5 in Fighting
  5540 | D:6      | Became a worshipper of Cheibriados the Contemplative
  5636 | D:6      | Reached XP level 9. HP: 68/74 MP: 10/14
  5701 | D:6      | Found a white marble altar of Elyvilon.
  5756 | D:6      | Found a stormy altar of Qazlal.
  5779 | D:6      | Noticed Blork the orc
  5790 | D:6      | Killed Blork the orc
  5791 | D:6      | Reached skill level 1 in Throwing
  6201 | D:7      | Learned a level 3 spell: Call Canine Familiar
  6257 | D:7      | Reached skill level 1 in Summonings
  6259 | D:7      | Reached * piety under Cheibriados
  6439 | D:7      | Reached skill level 1 in Invocations
  6482 | D:7      | Found a radiant altar of Vehumet.
  6667 | D:7      | Found a shadowy altar of Dithmenos.
  7035 | D:8      | Noticed a white ugly thing
  7045 | D:8      | Killed a white ugly thing
  7046 | D:8      | Reached skill level 5 in Transmutations
  7194 | D:8      | Reached ** piety under Cheibriados
  7534 | D:8      | Reached XP level 10. HP: 83/83 MP: 16/16
  7594 | D:8      | Found a basalt altar of Yredelemnul.
  7635 | D:8      | Found a radiant altar of Vehumet.
  7784 | D:9      | Found a hide-covered altar of Uskayaw.
  7784 | D:9      | Found an opulent altar of Gozag.
  7784 | D:9      | Found a burning altar of Makhleb.
  7784 | D:9      | Found a shimmering blue altar of Sif Muna.
  7784 | D:9      | Found a sacrificial altar of Ru.
  7983 | D:9      | Found a bloodstained altar of Trog.
  8043 | D:9      | Reached *** piety under Cheibriados
  8198 | D:9      | Noticed Joseph
  8224 | D:9      | Killed Joseph
  8225 | D:9      | Reached skill level 5 in Dodging
  8225 | D:9      | Reached skill level 1 in Stealth
  8273 | D:9      | Reached skill level 5 in Spellcasting
  8948 | D:10     | Entered Level 10 of the Dungeon
  8960 | D:10     | Found a runed translucent door.
  8964 | D:10     | Found a runed translucent door.
  8966 | D:10     | Noticed a sphinx
  8968 | D:10     | Noticed a necromancer
  8968 | D:10     | Noticed a skeletal warrior
  8971 | D:10     | Noticed a lich
  8971 | D:10     | Noticed Vatovie's ghost (journeyman GrFi)
  8973 | D:10     | Noticed an alligator
  8973 | D:10     | Noticed a queen ant
  8973 | D:10     | an alligator changed into a queen ant
  8974 | D:10     | Noticed a catoblepas
  8974 | D:10     | a queen ant changed into a catoblepas
  8976 | D:10     | Noticed a queen ant
  8976 | D:10     | a catoblepas changed into a queen ant
  8976 | D:10     | Noticed an entropy weaver
  8976 | D:10     | a queen ant changed into an entropy weaver
  8980 | D:10     | Noticed a gargoyle
  8991 | D:10     | Killed a gargoyle
  9035 | D:10     | Noticed a bunyip
  9037 | D:10     | Noticed a spark wasp
  9037 | D:10     | a bunyip changed into a spark wasp
  9041 | D:10     | a spark wasp changed into something unseen
  9044 | D:10     | Noticed a storm dragon
  9048 | D:10     | Noticed an azure jelly
  9048 | D:10     | a storm dragon changed into an azure jelly
  9051 | D:10     | Noticed a frost giant
  9051 | D:10     | an azure jelly changed into a frost giant
  9052 | D:10     | Noticed a fenstrider witch
  9052 | D:10     | a frost giant changed into a fenstrider witch
  9054 | D:10     | Noticed an eleionoma
  9054 | D:10     | a fenstrider witch changed into an eleionoma
  9363 | D:10     | Noticed a two-headed ogre
  9372 | D:10     | Killed a two-headed ogre
  9801 | D:10     | Noticed a sea snake
  9805 | D:10     | a sea snake changed into a merfolk
  9808 | D:10     | Noticed a queen ant
  9808 | D:10     | a merfolk changed into a queen ant
  9811 | D:10     | Noticed an emperor scorpion
  9811 | D:10     | a queen ant changed into an emperor scorpion
  9815 | D:10     | Noticed a minotaur
  9815 | D:10     | an emperor scorpion changed into a minotaur
  9816 | D:10     | a minotaur changed into something unseen
  9817 | D:10     | Noticed a queen ant
  9818 | D:10     | Noticed a bunyip
  9818 | D:10     | a queen ant changed into a bunyip
  9820 | D:10     | Noticed an ettin
  9820 | D:10     | a bunyip changed into an ettin
  9820 | D:10     | Noticed a wolf spider
  9820 | D:10     | an ettin changed into a wolf spider
  9849 | D:10     | Noticed a sea snake
  9852 | D:10     | Noticed a deep troll
  9852 | D:10     | a sea snake changed into a deep troll
  9853 | D:10     | Noticed a wolf spider
  9853 | D:10     | a deep troll changed into a wolf spider
  9884 | D:10     | Noticed a queen ant
  9884 | D:10     | a tyrant leech changed into a queen ant
  9885 | D:10     | Noticed a storm dragon
  9885 | D:10     | a queen ant changed into a storm dragon
  9965 | D:11     | Noticed a cyclops
  9973 | D:11     | Killed a cyclops
  9973 | D:11     | Reached **** piety under Cheibriados
 10052 | D:11     | Noticed a cyclops
 10056 | D:11     | Killed a cyclops
 10057 | D:11     | Reached XP level 11. HP: 91/91 MP: 19/19
 10148 | D:11     | Noticed a two-headed ogre
 10160 | D:11     | Killed a two-headed ogre
 10244 | D:11     | Noticed a boulder beetle
 10264 | D:11     | Killed a boulder beetle
 10467 | D:11     | Noticed a two-headed ogre
 10476 | D:11     | Killed a two-headed ogre
 10591 | D:11     | Noticed a cyan ugly thing
 10600 | D:11     | Killed a cyan ugly thing
 10703 | D:11     | Noticed a purple ugly thing
 10713 | D:11     | Killed a purple ugly thing
 10824 | D:11     | Reached skill level 5 in Invocations
 10884 | D:11     | Found a staircase to the Lair.
 11227 | Lair:1   | Entered Level 1 of the Lair of Beasts
 11232 | Lair:1   | Found a corrupted altar of Lugonu.
 11233 | Lair:1   | Found a one-way gate to the infinite horrors of the Abyss.
 11709 | Lair:1   | Reached ***** piety under Cheibriados
 12036 | Lair:1   | Learned a level 5 spell: Blade Hands
 12328 | Lair:1   | Reached XP level 12. HP: 100/100 MP: 15/21
 12633 | Lair:2   | Reached skill level 5 in Summonings
 12904 | Lair:2   | Noticed a six-headed hydra
 12915 | Lair:2   | Killed a six-headed hydra
 13630 | Lair:2   | Noticed Cato's ghost (journeyman DECj)
 13631 | Lair:2   | Noticed a seven-headed hydra
 13870 | Lair:2   | Noticed an eight-headed hydra
 13880 | Lair:2   | Killed an eight-headed hydra
 14230 | Lair:2   | Reached ****** piety under Cheibriados
 14435 | Lair:2   | Found a transporter.
 14439 | Lair:2   | Found a transporter.
 15021 | Lair:3   | Found a hole to the Spider Nest.
 15331 | Lair:3   | Reached XP level 13. HP: 89/108 MP: 14/23
 16249 | Lair:4   | Found a staircase to the Shoals.
 16482 | Lair:4   | Reached skill level 10 in Unarmed Combat
 17637 | Shoals:1 | Entered Level 1 of the Shoals
 18296 | Lair:5   | Found a runed translucent door.
 18297 | Lair:5   | Found a viscous altar of Jiyva.
 18298 | Lair:5   | Found a staircase to the Slime Pits.
 18298 | Lair:5   | Noticed an acid blob
 18300 | Lair:5   | Noticed an acid blob
 18877 | Lair:6   | Entered Level 6 of the Lair of Beasts
 18977 | Lair:6   | Found a frozen archway.
 18989 | IceCv    | Entered an ice cave
 20773 | Lair:6   | Reached XP level 14. HP: 80/118 MP: 4/26
 22359 | Lair:6   | Found a large runed translucent door.
 22463 | Lair:6   | Found a large runed translucent door.
 22498 | Lair:6   | Identified the Volume of the Traveller and the Oath
 22674 | Lair:6   | Found a runed translucent gate.
 22675 | Lair:6   | Found a runed translucent gate.
 22676 | Lair:6   | Found a runed translucent gate.
 22677 | Lair:6   | Noticed Nutum's ghost (journeyman OpTm)
 22678 | Lair:6   | Noticed Sigibet's ghost (journeyman GrEE)
 23129 | D:12     | Noticed Fannar
 23144 | D:12     | Killed Fannar
 23928 | D:12     | Paralysed by a hornet for 3 turns
 23949 | D:12     | Identified the +0 pair of gloves "Vopluech" {Harm Str-2
                  | Stlth+} (You found it on level 12 of the Dungeon)
 24043 | D:12     | Noticed Maurice
 24052 | D:12     | Killed Maurice
 24394 | D:12     | Noticed Jorgrun
 24398 | D:13     | Found a gate to the Vaults.
 24398 | D:13     | Noticed Urug
 24398 | D:13     | Noticed Nessos
 24941 | D:12     | Found a staircase to the Orcish Mines.
 25872 | D:13     | Killed Nessos
 25873 | D:13     | Reached skill level 10 in Fighting
 26183 | D:13     | Reached XP level 15. HP: 130/130 MP: 28/28
 26402 | D:13     | Killed Urug
 26853 | D:13     | Noticed Kirke
 26860 | D:13     | Killed Kirke
 26962 | D:13     | Found Alurack's Antique Armour Boutique.
 26970 | D:13     | Bought a pair of glowing boots for 232 gold pieces
 27640 | D:14     | Found Hibirchoj's Book Boutique.
 27648 | D:14     | Bought a book of the Dragon for 1260 gold pieces
 27656 | D:14     | Learned a level 7 spell: Dragon Form
 27687 | D:14     | Reached skill level 10 in Transmutations
 27914 | D:14     | Reached XP level 16. HP: 124/139 MP: 27/29
 28434 | D:14     | Found Ecirod's Antique Weapon Shoppe.
 29157 | D:14     | Found Ykhloel's Gadget Shoppe.
 29778 | D:14     | Found Isemnum's Distillery.
 30464 | D:15     | Entered Level 15 of the Dungeon
 30973 | D:15     | Found a staircase to the Depths.
 31155 | D:15     | Found a blossoming altar of Fedhas.
 31746 | D:15     | Found Juwar's Distillery.
 31923 | D:15     | Found Tiasypu's Serpentskin Sales.
 32230 | D:12     | Killed Jorgrun
 32269 | Orc:1    | Entered Level 1 of the Orcish Mines
 32841 | Orc:1    | You fall into a shaft and drop 1 floor!
 32841 | Orc:2    | Entered Level 2 of the Orcish Mines
 32857 | Orc:2    | Noticed Donald
 32871 | Orc:2    | Killed Donald
 33169 | Orc:2    | Gained mutation: You are occasionally teleported next to
                  | monsters. [mutagenic glow]
 33184 | Orc:2    | Lost mutation: You are occasionally teleported next to
                  | monsters. [potion of mutation]
 33184 | Orc:2    | Gained mutation: You do not regenerate when monsters are
                  | visible. [potion of mutation]
 33184 | Orc:2    | Gained mutation: Your flesh is cold resistant. (rC+)
                  | [potion of mutation]
 33185 | Orc:2    | Lost mutation: You do not regenerate when monsters are
                  | visible. [potion of mutation]
 33185 | Orc:2    | Lost mutation: Your flesh is cold resistant. (rC+) [potion
                  | of mutation]
 33185 | Orc:2    | Gained mutation: Your spells are a little easier to cast,
                  | but a little less powerful. [potion of mutation]
 33185 | Orc:2    | Gained mutation: You have sharp toenails. [potion of
                  | mutation]
 33492 | Orc:2    | Found a staircase to the Elven Halls.
 34630 | Orc:2    | Found Loalejur's Antique Weapon Boutique.
 34630 | Orc:2    | Found Vofem's Book Shop.
 34630 | Orc:2    | Found Bothrucs's Assorted Antiques.
 34633 | Orc:2    | Found Firoq's Armour Boutique.
 35224 | Lair:2   | Killed Cato's ghost
 35242 | Lair:2   | Got a faintly glowing hat
 35432 | Lair:2   | Identified the cursed +0 hat of Jodghevud {Regen+ rCorr
                  | Dex-3} (You found it on level 2 of the Lair of Beasts)
 35502 | Spider:1 | Entered Level 1 of the Spider Nest
 35569 | Spider:1 | Reached skill level 10 in Spellcasting
 35579 | Spider:1 | Reached skill level 10 in Invocations
 35900 | Spider:1 | Reached XP level 17. HP: 137/148 MP: 19/31
 37723 | Spider:3 | Reached skill level 10 in Dodging
 37991 | Spider:3 | Reached skill level 10 in Slings
 38647 | Spider:4 | Entered Level 4 of the Spider Nest
 38759 | Spider:4 | Reached skill level 10 in Summonings
 39869 | Spider:4 | Reached skill level 1 in Evocations
 39921 | Spider:4 | Identified the ring of the Endless Souls {Fire Slay+2} (You
                  | found it on level 4 of the Spider Nest)
 40021 | Spider:4 | Got a gossamer rune of Zot
 40527 | Vaults:1 | Entered Level 1 of the Vaults
 40777 | Vaults:1 | Reached XP level 18. HP: 158/158 MP: 25/32
 42752 | Vaults:2 | Learned a level 5 spell: Summon Mana Viper
 42835 | Vaults:2 | Found a magical portal.
 42838 | WizLab   | Entered Zonguldrok's Shrine
 43066 | WizLab   | Learned a level 7 spell: Summon Hydra
 43521 | WizLab   | Noticed an antique lich
 43528 | WizLab   | Killed an antique lich
 43533 | WizLab   | Found the +9 sword of Zonguldrok {reap}
 44031 | Vaults:2 | Found Pubypt's Assorted Antiques.
 45139 | Vaults:3 | Found Siucappe's Antique Armour Shop.
 45144 | Vaults:3 | Bought a pair of spiked gloves for 370 gold pieces
 45144 | Vaults:3 | Identified the +1 pair of gloves "Aphad" {Rampage +Fly
                  | Will- rCorr} (You bought it in a shop on level 3 of the
                  | Vaults)
 45160 | Vaults:3 | Found Otoroxes's Gadget Shop.
 45511 | Vaults:3 | Reached XP level 19. HP: 167/167 MP: 29/35
 46045 | Vaults:3 | Found a staircase to the Crypt.
 46257 | Vaults:3 | Reached skill level 1 in Crossbows
 46679 | Vaults:3 | Found a transporter.
 46688 | Vaults:3 | Found a transporter.
 47378 | Vaults:4 | Noticed Boris
 47386 | Vaults:4 | Killed Boris
 47509 | Vaults:4 | Noticed Jory
 47518 | Vaults:4 | Killed Jory
 47538 | Vaults:4 | Found Ciqo's General Store.
 47739 | Vaults:4 | Found a runed translucent gate.
 47739 | Vaults:4 | Found a runed translucent gate.
 47739 | Vaults:4 | Found a runed translucent gate.
 47740 | Vaults:4 | Noticed howech's ghost (veteran MiGl)
 48470 | Vaults:4 | Reached skill level 5 in Stealth
 48471 | Vaults:4 | Killed howech's ghost
 49206 | Shoals:1 | Noticed Aizul
 49217 | Shoals:1 | Killed Aizul
 49639 | Shoals:1 | Reached XP level 20. HP: 176/176 MP: 36/36
 50313 | Shoals:2 | Noticed Polyphemus
 50320 | Shoals:2 | Killed Polyphemus
 50782 | Shoals:2 | Noticed Roxanne
 50798 | Shoals:2 | Killed Roxanne
 51635 | Shoals:3 | Identified a scroll of acquirement
 51636 | Shoals:3 | Acquired the ring "Raducum" {rElec rN+ Stlth+}
 52210 | Shoals:3 | Noticed Mara
 52212 | Shoals:3 | Noticed Morbidden's illusion
 52450 | Shoals:3 | Noticed Morbidden's illusion
 52460 | Shoals:3 | Killed Mara
 52658 | Shoals:3 | Reached skill level 15 in Fighting
 53003 | Shoals:4 | Entered Level 4 of the Shoals
 53006 | Shoals:4 | Found a runed translucent door.
 53010 | Shoals:4 | Found a shimmering altar of Xom.
 53010 | Shoals:4 | Noticed Heh's ghost (adept DsGl)
 53011 | Shoals:4 | Identified the cursed +1 demon trident of the Battered Eyes
                  | {chaos, +Rage}
 53626 | Shoals:4 | Got a barnacled rune of Zot
 54207 | Shoals:4 | Identified the +6 great sword of Guile {protect, Str+4}
 54419 | Shoals:4 | Identified the +3 dagger "Zewip" {freeze, +Fly rC- Dex+4}
                  | (You found it on level 4 of the Shoals)
 55025 | Elf:1    | Entered Level 1 of the Elven Halls
 55560 | Elf:1    | Found Goihi's Assorted Antiques.
 55564 | Elf:1    | Found Fozy's Weapon Shop.
 55564 | Elf:1    | Found Reghan's General Store.
 55572 | Elf:1    | Found Peisa's Jewellery Shop.
 55777 | Elf:1    | Identified the Papyrus of the World
 55953 | Elf:2    | Found a ruined gateway.
 55955 | Elf:2    | Found a white marble altar of Elyvilon.
 55955 | Elf:2    | Found a glowing silver altar of Zin.
 55964 | Elf:2    | Found a glowing golden altar of the Shining One.
 55977 | Desolati | Entered the Desolation of Salt
 56016 | Desolati | Reached XP level 21. HP: 184/184 MP: 36/38
 56020 | Desolati | Found the +10 tower shield of Ignorance {rN+ Int-4}
 56055 | Desolati | Identified the Handbook of Glacial Conjuration
 56069 | Desolati | Got a steaming cloak
 56071 | Desolati | Identified the +1 cloak of the Solstice {-Cast rC+ Str+3}
                  | (You found it in the Desolation of Salt)
 56233 | Desolati | Identified the Handbook of Feathery Poison
 56242 | Desolati | Identified the Incunabulum of Earth and the Oath
 56244 | Desolati | Identified the Guide on Earthen Calling
 56290 | Desolati | Identified the cursed +2 trident of the Middle {flame,
                  | Str+2 Dex+2}
 56918 | Desolati | Identified the ring "Geym" {+Fly rPois rC++ Str+3 Slay-2}
 56978 | Desolati | Reached skill level 1 in Shields
 57068 | Desolati | Identified the ring of the Sneaky Visions {Will+ Int+6}
                  | (You found it in the Desolation of Salt)
 57717 | Elf:2    | Found Quejud's Jewellery Shoppe.
 57810 | Elf:2    | Reached skill level 5 in Evocations
 58020 | Elf:2    | Found a runed translucent gate.
 58020 | Elf:2    | Found a runed translucent gate.
 58020 | Elf:2    | Found a runed translucent gate.
 58235 | Elf:3    | Entered Level 3 of the Elven Halls
 58547 | Elf:3    | Reached skill level 15 in Unarmed Combat
 58553 | Elf:3    | Found Viessoa's Distillery.
 58557 | Elf:3    | Found Wagem's Assorted Antiques.
 58558 | Elf:3    | Found Baxtemimodgh's Weapon Boutique.
 58886 | Elf:3    | Noticed Saint Roka
 58905 | Elf:3    | Killed Saint Roka
 59485 | Elf:1    | Bought a scroll of acquirement for 1196 gold pieces
 59485 | Elf:1    | Acquired 868 gold pieces
 59588 | Elf:3    | Cast into level 3 of the Abyss (a deep elf sorcerer)
 59600 | Abyss:3  | Paralysed by accursed screaming for 1 turns
 59608 | Abyss:3  | Paralysed by accursed screaming for 1 turns
 59628 | Abyss:3  | Got an abyssal rune of Zot
 59841 | Abyss:3  | Learned a level 3 spell: Lesser Beckoning
 59850 | Abyss:3  | Learned a level 8 spell: Ignition
 60004 | Abyss:3  | Paralysed by a floating eye for 4 turns
 60012 | Abyss:3  | Paralysed by a floating eye for 3 turns
 60028 | Elf:3    | Escaped the Abyss
 60423 | Elf:3    | Identified the +7 halberd of War {flame, rPois Int-2 Dex+8}
 60423 | Elf:3    | Identified the +0 leather armour "Mazajys" {Will+}
 60427 | Elf:3    | Cast into level 2 of the Abyss (a deep elf sorcerer)
 60450 | Abyss:2  | Found a corrupted altar of Lugonu.
 60666 | Elf:3    | Escaped the Abyss
 60703 | Elf:3    | Reached XP level 22. HP: 147/194 MP: 23/39
 61177 | Elf:3    | Identified the cursed +0 scale mail of Uskayaw's
                  | Displeasure {rC+ Str+3 Dex+4}
 61239 | Elf:3    | Reached skill level 15 in Transmutations
 61293 | Elf:3    | Identified the cursed +0 ring mail "Seicrofo" {rPois Int+4}
 61379 | Elf:3    | Identified the +5 rapier "Morbidden's Foe" {flame, Str+7}
 61522 | Elf:3    | Identified the +9 great sword of Obsession {elec, rPois
                  | Dex+3}
 61708 | Elf:3    | Identified the Handbook of Ash
 61717 | Elf:3    | Identified the Reference Book on Damaging Creation
 61732 | Elf:3    | Identified the Handbook of Creation and Fire
 61782 | Elf:3    | Identified the +7 hand crossbow "Ixul" {venom, rN+ Int-3
                  | Dex+5} (You found it on level 3 of the Elven Halls)
 61788 | Elf:3    | Identified the +8 hunting sling of Tortfeasance {venom,
                  | MP-9 Dex+5} (You found it on level 3 of the Elven Halls)
 62134 | Vaults:5 | Entered Level 5 of the Vaults
 62322 | Depths:1 | Entered Level 1 of the Depths
 62446 | Depths:1 | Reached skill level 1 in Fire Magic
 62451 | Depths:1 | Noticed Boris
 62469 | Depths:1 | Killed Boris
 62583 | Depths:1 | Noticed Asterion
 62603 | Depths:1 | Killed Asterion
 62943 | Depths:1 | Found a gateway to Hell.
 63924 | Depths:2 | Identified the cursed +3 arbalest of Zumoeh {venom, rF+++
                  | Str+4} (You found it on level 2 of the Depths)
 64182 | Depths:2 | Identified the ring "Xum Ehon" {Ice Str-5 Dex+2 Stlth+}
 64880 | Depths:3 | Identified the cursed +0 kite shield "Qotyume" {+Blink
                  | rElec} (You found it on level 3 of the Depths)
 64913 | Depths:3 | Found a gateway to a ziggurat.
 65179 | Depths:3 | Reached XP level 23. HP: 82/200 MP: 8/41
 65644 | Depths:3 | Found Zaarussi's Assorted Antiques.
 65671 | Depths:3 | Found a one-way gate leading to the halls of Pandemonium.
 67339 | Depths:4 | Noticed Louise
 67356 | Depths:4 | Killed Louise
 67364 | Depths:4 | Reached skill level 5 in Fire Magic
 68086 | Depths:4 | Found Supec's Gadget Boutique.
 68505 | Depths:5 | Entered Level 5 of the Depths
 68516 | Depths:5 | Reached skill level 15 in Spellcasting
 68516 | Depths:5 | Noticed a caustic shrike
 68517 | Depths:5 | Noticed a caustic shrike
 68519 | Depths:5 | Noticed a caustic shrike
 68520 | Depths:5 | Noticed a caustic shrike
 68522 | Depths:5 | Killed a caustic shrike
 68524 | Depths:5 | Killed a caustic shrike
 68524 | Depths:5 | Killed a caustic shrike
 68525 | Depths:5 | Killed a caustic shrike
 68962 | Depths:5 | Found Reoshit's Antique Weapon Shoppe.
 68962 | Depths:5 | Found Bahuicosch's Antique Armour Emporium.
 68995 | Depths:5 | Bought an embroidered cloak for 292 gold pieces
 69332 | Depths:5 | Paralysed by a great orb of eyes for 5 turns
 70287 | Depths:5 | Found a gate to the Realm of Zot.
 70860 | Crypt:1  | Entered Level 1 of the Crypt
 70979 | Crypt:1  | Reached XP level 24. HP: 195/195 MP: 32/42
 71625 | Crypt:1  | Found a basalt altar of Yredelemnul.
 71895 | Crypt:2  | Reached skill level 5 in Shields
 72454 | Crypt:2  | Reached skill level 15 in Summonings
 73041 | Crypt:2  | Learned a level 9 spell: Shatter
 73345 | Crypt:2  | Found the +6 Majin-Bo {vamp, MP+6 Int+6}
 73437 | Crypt:3  | Entered Level 3 of the Crypt
 73576 | Crypt:3  | Reached skill level 1 in Earth Magic
 73963 | Crypt:3  | Paralysed by a vampire knight for 3 turns
 73966 | Crypt:3  | HP: 8/321 [something (20)]
 73966 | Crypt:3  | Mangled by a skeletal warrior

Illustrated notes

Levels and vault maps discovered:
D:1:      minmay_arrival_shattered_statue, layout_rooms
D:2:      layout_basic, old_standard_altar, serial_undead, serial_undead_e,
          serial_undead_c, serial_undead_b, serial_undead_d
D:3:      layout_rooms, minmay_divided_ellipse
D:4:      layout_gridville, minmay_box_of_dots, uniq_sigmund, uniq_grinder
D:5:      layout_basic, minmay_temple_entry_wispy, lightli_sewer_entry_pipes,
          serial_shops, shop, minmay_misc_feat_encased
D:6:      layout_rooms, elyvilon_altar_3, slow_altar_2,
          nicolae_overflow_hidden_temple, minmay_misc_feat_iff,
          uniq_blork_the_orc
D:7:      layout_basic, grunt_dithmenos_smoke, vehumet_altar_wand_db
D:8:      layout_cave_pools, lemuel_mausoleum_altar_yredelemnul, basic_altar
D:9:      layout_long_grid, bloody_trog, grunt_temple_overflow_open, uniq_joseph
D:10:     layout_small_grid, muffindrake_ghost_dual_entry
D:11:     layout_basic, erik_lair_dragon, kennysheep_pointless_box,
          kennysheep_dice
D:12:     layout_basic, david_orc_4, minmay_liquid_box, uniq_jorgrun,
          uniq_fannar, uniq_maurice
D:13:     layout_basic, david_vaults_3, serial_shops, shop, uniq_kirke
D:14:     minmay_concentric_multi, layout_basic, serial_shops, shop,
          nicolae_shop_statue_plus, shop, nicolae_shop_trees,
          amcnicky_mini_rare_corridor_liquid, minivault_19
D:15:     hangedman_depths_entry_civil_slaughter, layout_long_grid,
          fedhas_altar_4, serial_shops, shop, guppyfry_shop_venom, uniq_nessos
Temple:   chequers_temple_sunken
Lair:1:   lemuel_reptile_caves, layout_gridlike,
          amcnicky_altar_lugonu_corruption, grunt_megastairs_2
Lair:2:   layout_chaotic_city, gammafunk_ghost_arena, beast_lair_carwin_4,
          grunt_megastairs_4, serial_bayou_shore_b
Lair:3:   beast_lair_carwin_large_2, layout_gridlike,
          spider_nest_entry_funnel_web, uniq_urug
Lair:4:   layout_cave_pods, elwin_shoals_entry_stream, lemuel_fruit_fields
Lair:5:   layout_small_grid, slime_altar_2
Lair:6:   cheibrodos_lair_end_hotspot, layout_hall_layers,
          gammafunk_ghost_cemetery, portal_ice_cave_entry_imps
Shoals:1: layout_shoals, uniq_aizul
Shoals:2: layout_shoals, uniq_polyphemus, uniq_roxanne
Shoals:3: layout_shoals, uniq_mara
Shoals:4: shoals_end_grunt_ice, layout_shoals, ebering_ghost_xom
Spider:1: layout_spider_delve
Spider:2: layout_spider_delve, nicolae_spider_cling_ruins
Spider:3: layout_spider_delve, drop_trap, zaba_antful_of_joy
Spider:4: grunt_spider_rune_circles
Orc:1:    layout_caves, nicolae_orc_bridge_out, nicolae_orc_crystal_geode
Orc:2:    st_orc_mages, layout_diamond_mine, nicolae_orc_pool_cavern,
          uniq_donald
Elf:1:    layout_loops_corners, minmay_elf_necromancy, minmay_shop_grid_forest,
          minmay_crystal_room
Elf:2:    layout_onion_city, portal_desolation_entry_holy_temple,
          minmay_shop_enchanted_jewellery, library_closet,
          serial_sigils_hangedman_carve
Elf:3:    minmay_elf_hall_furrowed, layout_gridlike, minivault_27,
          minmay_shop_star, uniq_saint_roka
Vaults:1: nicolae_vaults_network_barrier, v_rooms_5,
          ontoclasm_vaults_misaligned, ontoclasm_vaults_ring_square,
          nicolae_vaults_quartermaster, hangedman_vaults_pinch,
          ontoclasm_vaults_ligature, nicolae_vaults_puzzle_piece,
          vaults_room_hallway, vaults_room_grunt_arrival_ludios,
          layout_vaults_omnicross
Vaults:2: hangedman_vaults_stretched_pinwheel, vaults_room_octagon,
          vaults_mumra_hexcomb, vaults_room_door_ring, v_misc_12,
          vaults_room_stairs_pillars, dpeg_vaults_monster_box,
          layout_vaults_omnigrid, mu_enter_wizlab_7, serial_shops, shop
Vaults:3: ontoclasm_vaults_misaligned, minmay_crypt_entry_simple_round,
          gammafunk_sealed_arena, hangedman_vaults_cutoff, grunt_vaults_funnel,
          nicolae_vaults_ninety_degrees, hangedman_vaults_slice,
          nicolae_vaults_little_squares_6, v_alt_pattern_4,
          nicolae_vaults_circle_grid_b, layout_vaults_omnibox, serial_shops,
          nicolae_shop_trees, shop
Vaults:4: gammafunk_vaults_ghost_split, vaults_mumra_lcd, hangedman_vaults_maws,
          vaults_room_semicircle, hangedman_vaults_locks,
          vaults_dpeg_encased_lava, vaults_room_pool, vaults_mumra_hex,
          ontoclasm_vaults_fault, layout_vaults_big_room, serial_shops,
          nicolae_shop_crystal, uniq_boris, uniq_jory
Vaults:5
Crypt:1:  layout_misc_corridors, basic_altar, grunt_crypt_arrival_webbed
Crypt:2:  minmay_guarded_unrand_majin_bo, layout_regular_city
Crypt:3:  church_of_pain_bobbens, layout_chaotic_city
Depths:1: layout_cave_pools, hell_entry, abyss_entry, nrook_mini_backslash,
          minmay_misc_feat_x, hex_large, dpeg_stationary_puzzle, uniq_asterion
Depths:2: minmay_angry_zag, layout_gridville, hell_entry, grunt_ministairs_8,
          infiniplex_staircase_trident
Depths:3: kennysheep_ogre_elephant_herders, layout_gridlike, enter_ziggurat_f,
          serial_shops, nicolae_shop_temple_entry_statues_fountains,
          rand_demon_pan_entry_5, pf_hell_entry_tar_spiral
Depths:4: wad_cavern_with_rooms, layout_basic, hellmouth_3,
          minmay_misc_feat_columns, nicolae_abyss_entry_one_way_or_another,
          serial_shops, shop
Depths:5: grunt_zot_entry_alcove, layout_cave_shapes, nicolae_sextant,
          lightli_too_deep, minmay_shoptagon, serial_bayou_shore_a

Skill      XL: |  1  2  3  4  5  6  7  8  9 10 11 12 13 14 15 16 17 18 19 20 21 22 23 24 |
---------------+-------------------------------------------------------------------------+-----
Dodging        | 2 3 4 5 6 7 8 9 10 11 12 13 14 | 14.8
Unarmed Combat | 4 5 6 7 8 9 10 11 12 13 14 15 16 17 | 17.1
Fighting       | 2 3 4 5 6 7 8 9 11 12 13 14 15 16 17 | 17.2
Slings         | 1 2 3 4 5 6 8 9 10 | 10.3
Transmutations | 3 4 5 6 8 9 10 11 12 13 14 15 | 15.6
Poison Magic   | 1 2 3 |  3.4
Spellcasting   | 3 4 5 6 7 8 9 10 12 13 14 15 | 15.8
Throwing       | 1 2 3 |  3.2
Summonings     | 2 3 4 6 7 8 9 10 11 12 13 14 15 | 15.1
Invocations    | 3 4 5 7 8 9 10 11 12 13 | 13.0
Stealth        | 1 2 3 4 5 6 |  6.1
Evocations     | 1 4 5 7 8 9 |  9.5
Crossbows      | 3 4 |  4.2
Shields        | 1 2 4 5 |  5.3
Fire Magic     | 4 6 8 |  8.1
Earth Magic    | 1 |  1.8
Hexes          | |  0.6

Action                   |  1- 3 |  4- 6 |  7- 9 | 10-12 | 13-15 | 16-18 | 19-21 | 22-24 || total
-------------------------+-------+-------+-------+-------+-------+-------+-------+-------++-------
Melee: Unarmed           |   113 |    30 |   149 |   335 |   393 |   805 |   798 |   922 ||  3545
       Kick              |    11 |     9 |    27 |    30 |       |    32 |     3 |       ||   112
       Tailslap          |     8 |     2 |    22 |    69 |    69 |   138 |   136 |   233 ||   677
       Headbutt          |    11 |     5 |    15 |    21 |       |       |       |       ||    52
       Punch             |     1 |       |     4 |    20 |    20 |    55 |    73 |    65 ||   238
       Bite              |       |       |       |       |       |    69 |    84 |   115 ||   268
       Hunting sling     |       |       |       |       |       |     2 |       |       ||     2
 Fire: Hunting sling     |    26 |   209 |   304 |   387 |   448 |   548 |    14 |       ||  1936
       Arbalest          |       |       |       |       |       |       |   205 |       ||   205
Throw: Stone             |    54 |     2 |       |       |       |       |       |       ||    56
       Dart              |       |     4 |       |     7 |       |       |       |       ||    11
       Boomerang         |       |     1 |    22 |    30 |     3 |    31 |    21 |       ||   108
       Javelin           |       |       |       |       |       |       |     8 |    27 ||    35
 Cast: Beastly Appendage |    13 |     6 |    11 |     9 |     1 |       |       |     1 ||    41
       Spider Form       |       |       |     2 |     5 |     8 |     3 |       |       ||    18
       Call Canine Famil |       |       |     2 |    10 |    12 |       |       |       ||    24
       Blade Hands       |       |       |       |    23 |    57 |    29 |     4 |       ||   113
       Dragon Form       |       |       |       |       |       |    63 |    81 |    64 ||   208
       Summon Mana Viper |       |       |       |       |       |    12 |     8 |       ||    20
       Summon Hydra      |       |       |       |       |       |     6 |     5 |       ||    11
Invok: Slouch            |       |       |       |       |    13 |    20 |    17 |    15 ||    65
       Step From Time    |       |       |       |       |       |     2 |       |     1 ||     3
 Abil: Breathe Fire      |       |       |    30 |    36 |    20 |    22 |    21 |    11 ||   140
       End Transformatio |       |       |       |     1 |     1 |       |       |       ||     2
Evoke: Wand              |       |       |     7 |     4 |     5 |     8 |       |     3 ||    27
       Tin of tremorston |       |       |       |     1 |     1 |     7 |     4 |     2 ||    15
       Box of beasts     |       |       |       |       |     2 |     1 |     2 |     1 ||     6
       Phantom mirror    |       |       |       |       |     2 |     1 |     1 |       ||     4
       Condenser vane    |       |       |       |       |       |     2 |     4 |     3 ||     9
  Use: Scroll            |     2 |     4 |     9 |     8 |    11 |    21 |    26 |    16 ||    97
       Potion            |       |     2 |     2 |     2 |     2 |     7 |     4 |     3 ||    22
 Stab: Distracted        |       |     1 |     1 |       |     2 |     6 |     5 |     4 ||    19
       Sleeping          |       |       |     2 |     3 |     1 |     4 |    14 |     7 ||    31
       Held in net/web   |       |       |       |       |       |     5 |       |       ||     5
       Confused          |       |       |       |       |       |       |     2 |       ||     2
Armor: Skin              |    52 |    75 |    66 |   113 |   102 |   524 |   440 |   333 ||  1705
Dodge: Dodged            |    89 |   163 |   233 |   496 |   619 |   920 |   993 |   553 ||  4066
Block: Other             |       |       |       |       |       |       |   111 |   237 ||   348
       Kite shield       |       |       |       |       |       |       |       |   274 ||   274
